APL (24 & UNDER)
NASHUA REDLEGS @ KENOSHA KINGFISH
08/15/2027
 
TOP OF THE 1ST
Nashua Redlegs batting - Pitching for Kenosha Kingfish : RHP Ramón Árias
Pitching: RHP Ramón Árias
Batting: LHB Bob Campbell 0-0: Ball
1-0: Ball
2-0: Foul Ball, location: 2F
2-1: Ball
3-1: Swinging Strike
3-2: SINGLE (Line Drive, 7S)
Batting: RHB Manny Herrera 0-0: Called Strike
0-1: Ball
1-1: Ball
2-1: Called Strike
Bob Campbell steals 2nd base
2-2: Strikes out swinging
Batting: RHB Bob Fitzgerald 0-0: Called Strike
0-1: Called Strike
0-2: Ball
1-2: DOUBLE (Flyball, 9LM)
Bob Campbell scores
Batting: LHB Derrek Robinson 0-0: Ball
1-0: Ball
2-0: Ball
3-0: Foul Ball, location: 2F
3-1: Base on Balls
Batting: RHB António Pérez 0-0: Fly out, F8 (Flyball, 8RS)
Batting: RHB Clancy Castro 0-0: Ball
1-0: Fly out, F9 (Flyball, 89M)
Top of the 1st over - 1 run(s), 2 hit(s), 0 error(s), 2 left on base; Nashua 1 - Kenosha 0
BOTTOM OF THE 1ST
Kenosha Kingfish batting - Pitching for Nashua Redlegs : RHP Miguel Rodríguez
Pitching: RHP Miguel Rodríguez
Batting: RHB Manuel Gómez 0-0: Ball
1-0: Called Strike
1-1: Called Strike
1-2: Ball
2-2: Ball
3-2: SINGLE (Line Drive, 78S)
Batting: LHB Davey Casey 0-0: Ball
1-0: Ball
2-0: Ball
3-0: Base on Balls
Manuel Gómez to second
Batting: LHB Dusty Wilson 0-0: Ball
1-0: Ball
Wild Pitch!
Manuel Gómez to third
Davey Casey to second
2-0: Foul Ball, location: 2F
2-1: Foul Ball, location: 2F
2-2: SINGLE (Groundball, 5D)
Manuel Gómez scores
Davey Casey to third
Runner from 3rd tries for Home, SAFE, throw made home
Dusty Wilson to second
Batting: LHB Jon Quinn 0-0: 2-RUN HOME RUN (Flyball, 89XD), Distance : 422 ft
Batting: RHB Sergio Mata 0-0: Ball
1-0: Called Strike
1-1: SINGLE (Groundball, 34D)
Batting: SHB John Beach 0-0: Foul Ball, location: 2F
0-1: Called Strike
0-2: Fly out, F5 (Popup, 5S)
Batting: RHB Tommy Davenport 0-0: Fly out, F7 (Flyball, 78S)
Batting: RHB Bob Lee 0-0: Fly out, F9 (Flyball, 9LS)
Bottom of the 1st over - 4 run(s), 4 hit(s), 0 error(s), 1 left on base; Nashua 1 - Kenosha 4
TOP OF THE 2ND
Nashua Redlegs batting - Pitching for Kenosha Kingfish : RHP Ramón Árias
Now at C: Eugene Williams
Batting: RHB William Rogers 0-0: Ball
1-0: Ball
2-0: Ball
3-0: Called Strike
3-1: Base on Balls
Batting: RHB Katsuhito Ohayashi 0-0: Ball
1-0: Ball
2-0: Ball
3-0: Called Strike
3-1: Fly out, F8 (Flyball, 8LM)
Batting: RHB Eric Barthorpe 0-0: Ball
1-0: Ball
2-0: Ball
3-0: Called Strike
3-1: Swinging Strike
3-2: 2-RUN HOME RUN (Flyball, 78XD), Distance : 430 ft
Batting: LHB Bob Campbell 0-0: Ball
1-0: Ball
2-0: Called Strike
2-1: Ball
3-1: Ground out 5-3 (Groundball, 5)
Batting: RHB Manny Herrera 0-0: Fly out, F8 (Flyball, 89M)
Top of the 2nd over - 2 run(s), 1 hit(s), 0 error(s), 0 left on base; Nashua 3 - Kenosha 4
BOTTOM OF THE 2ND
Kenosha Kingfish batting - Pitching for Nashua Redlegs : RHP Miguel Rodríguez
Batting: LHB Marvin Nichols 0-0: Ball
1-0: Ground out U3 (Groundball, 3L)
Batting: RHB Manuel Gómez 0-0: Ball
1-0: Ball
2-0: Ground out 5-3 (Groundball, 56)
Batting: RHB Eugene Williams 0-0: Called Strike
0-1: Foul Ball, location: 2F
0-2: Foul Ball, location: 2F
0-2: Strikes out looking
Bottom of the 2nd over - 0 run(s), 0 hit(s), 0 error(s), 0 left on base; Nashua 3 - Kenosha 4
TOP OF THE 3RD
Nashua Redlegs batting - Pitching for Kenosha Kingfish : RHP Ramón Árias
Batting: RHB Bob Fitzgerald 0-0: Called Strike
0-1: Ball
1-1: Ball
2-1: Ground out U3 (Groundball, 3)
Batting: LHB Derrek Robinson 0-0: Ball
1-0: Ball
2-0: Swinging Strike
2-1: Ball
3-1: SINGLE (Flyball, 8LS)
Batting: RHB António Pérez 0-0: Called Strike
0-1: Called Strike
0-2: Foul Ball, location: 2F
0-2: Ball
1-2: Foul Ball, location: 2F
1-2: Grounds into double play, 6-4-3 (Groundball, 56)
Top of the 3rd over - 0 run(s), 1 hit(s), 0 error(s), 0 left on base; Nashua 3 - Kenosha 4
BOTTOM OF THE 3RD
Kenosha Kingfish batting - Pitching for Nashua Redlegs : RHP Miguel Rodríguez
Batting: LHB Dusty Wilson 0-0: Ball
1-0: Fly out, F4 (Line Drive, 4)
Batting: LHB Jon Quinn 0-0: Ball
1-0: Called Strike
1-1: Ground out 6-3 (Groundball, 56)
Batting: RHB Sergio Mata 0-0: Ball
1-0: Ball
2-0: Called Strike
2-1: Reached on error, E1 (Groundball, 15)
Batting: SHB John Beach 0-0: Swinging Strike
0-1: Ball
1-1: Foul Ball, location: 2F
1-2: Foul Ball, location: 2F
1-2: Ball
2-2: Foul Ball, location: 2F
2-2: Strikes out looking
Bottom of the 3rd over - 0 run(s), 0 hit(s), 1 error(s), 1 left on base; Nashua 3 - Kenosha 4
TOP OF THE 4TH
Nashua Redlegs batting - Pitching for Kenosha Kingfish : RHP Ramón Árias
Batting: RHB Clancy Castro 0-0: Swinging Strike
0-1: Ball
1-1: Called Strike
1-2: Ball
2-2: Ball
3-2: Ground out 5-3 (Groundball, 56)
Batting: RHB William Rogers 0-0: Foul Ball, location: 2F
0-1: Foul Ball, location: 2F
0-2: Ball
1-2: Ball
2-2: Foul Ball, location: 2F
2-2: Ball
3-2: Base on Balls
Batting: RHB Katsuhito Ohayashi 0-0: Ball
William Rogers steals 2nd base
1-0: Ball
William Rogers steals 3rd base
2-0: Ball
3-0: Called Strike
3-1: Fly out, F7 (Line Drive, 7S)
Runner from 3rd tags up, SCORES, no throw
Batting: RHB Eric Barthorpe 0-0: Called Strike
0-1: Ball
1-1: Ball
2-1: Foul Ball, location: 2F
2-2: Ball
3-2: Base on Balls
Batting: LHB Bob Campbell 0-0: Ball
1-0: Called Strike
1-1: Fielders Choice at 2nd, 5-4 (Groundball, 56)
Top of the 4th over - 1 run(s), 0 hit(s), 0 error(s), 0 left on base; Nashua 4 - Kenosha 4
BOTTOM OF THE 4TH
Kenosha Kingfish batting - Pitching for Nashua Redlegs : RHP Miguel Rodríguez
Batting: RHB Tommy Davenport 0-0: Called Strike
0-1: Ball
1-1: Swinging Strike
1-2: Ball
2-2: Foul Ball, location: 2F
2-2: Foul Ball, location: 2F
2-2: Foul Ball, location: 2F
2-2: Reached on error, E6 (Groundball, 6)
Batting: RHB Bob Lee 0-0: Ball
1-0: Ball
2-0: Called Strike
2-1: Ball
3-1: Base on Balls
Batting: LHB Marvin Nichols 0-0: Called Strike
0-1: Swinging Strike
0-2: Strikes out swinging
Batting: RHB Manuel Gómez 0-0: Called Strike
0-1: Fielders Choice at 2nd, 6-4 (Groundball, 6)
Tommy Davenport to third
Batting: RHB Eugene Williams 0-0: Ball
1-0: Swinging Strike
1-1: Swinging Strike
1-2: Foul Ball, location: 2F
1-2: Foul Ball, location: 2F
1-2: Ball
2-2: Strikes out swinging
Bottom of the 4th over - 0 run(s), 0 hit(s), 1 error(s), 2 left on base; Nashua 4 - Kenosha 4
TOP OF THE 5TH
Nashua Redlegs batting - Pitching for Kenosha Kingfish : RHP Ramón Árias
Pitching: LHP Javier Robles
Batting: RHB Manny Herrera 0-0: Called Strike
0-1: Ground out 4-3 (Groundball, 4S)
Batting: RHB Bob Fitzgerald 0-0: Ball
1-0: Ball
2-0: Ball
3-0: Called Strike
3-1: Swinging Strike
3-2: Strikes out swinging
Batting: LHB Derrek Robinson 0-0: Ground out 6-3 (Groundball, 6M)
Top of the 5th over - 0 run(s), 0 hit(s), 0 error(s), 0 left on base; Nashua 4 - Kenosha 4
BOTTOM OF THE 5TH
Kenosha Kingfish batting - Pitching for Nashua Redlegs : RHP Miguel Rodríguez
Batting: LHB Dusty Wilson 0-0: Called Strike
0-1: Ball
1-1: Called Strike
1-2: Fly out, F8 (Flyball, 8RXD)
Batting: LHB Jon Quinn 0-0: Ball
1-0: Foul Ball, location: 2F
1-1: Ball
2-1: Ground out 5-3 (Groundball, 5S)
Batting: RHB Sergio Mata 0-0: Called Strike
0-1: SINGLE (Line Drive, 4D)
Batting: SHB John Beach 0-0: Ball
1-0: Called Strike
Sergio Mata steals 2nd base
1-1: Foul Ball, location: 2F
1-2: Ball
2-2: Ball
3-2: Reached on error, E4 (Groundball, 34)
Sergio Mata to third
Pitching: RHP José Rivas
Batting: RHB Tommy Davenport 0-0: Fly out, F9 (Flyball, 89S)
Bottom of the 5th over - 0 run(s), 1 hit(s), 1 error(s), 2 left on base; Nashua 4 - Kenosha 4
TOP OF THE 6TH
Nashua Redlegs batting - Pitching for Kenosha Kingfish : LHP Javier Robles
Batting: RHB António Pérez 0-0: Foul Ball, location: 2F
0-1: Ball
1-1: Called Strike
1-2: Ball
2-2: Strikes out swinging
Batting: RHB Clancy Castro 0-0: Ball
1-0: Ground out 6-3 (Groundball, 56)
Batting: RHB William Rogers 0-0: Ball
1-0: Ball
2-0: Called Strike
2-1: Foul Ball, location: 2F
2-2: Foul Ball, location: 2F
2-2: Foul Ball, location: 2F
2-2: Strikes out swinging
Top of the 6th over - 0 run(s), 0 hit(s), 0 error(s), 0 left on base; Nashua 4 - Kenosha 4
BOTTOM OF THE 6TH
Kenosha Kingfish batting - Pitching for Nashua Redlegs : RHP José Rivas
Batting: RHB Bob Lee 0-0: Ball
1-0: SINGLE (Flyball, 89S)
Batting: LHB Marvin Nichols 0-0: Ball
1-0: Ball
2-0: Called Strike
2-1: Foul Ball, location: 2F
2-2: Hit by Pitch
Bob Lee to second
Batting: RHB Manuel Gómez 0-0: Called Strike
0-1: SINGLE (Groundball, 56) (infield hit)
Bob Lee to third
Marvin Nichols to second
Batting: RHB Eugene Williams 0-0: Called Strike
0-1: Foul Ball, location: 2F
0-2: Ball
1-2: Fly out, F8 (Flyball, 8LM)
Runner from 3rd tags up, SCORES, no throw
Batting: LHB Dusty Wilson 0-0: Called Strike
0-1: Ball
Wild Pitch!
Marvin Nichols to third
Manuel Gómez to second
1-1: Ball
Wild Pitch!
Marvin Nichols scores
Manuel Gómez to third
2-1: Foul Ball, location: 2F
2-2: Strikes out swinging, 2-3 out at first.
Batting: LHB Jon Quinn 0-0: Ball
1-0: Called Strike
1-1: Ball
2-1: Foul Ball, location: 2F
2-2: Reached on error, E4 (Groundball, 4S)
Manuel Gómez scores
Pitching: LHP Jorge Melgaza
Batting: RHB Sergio Mata 0-0: Fly out, F2 (Popup, 23)
Bottom of the 6th over - 3 run(s), 2 hit(s), 1 error(s), 1 left on base; Nashua 4 - Kenosha 7
TOP OF THE 7TH
Nashua Redlegs batting - Pitching for Kenosha Kingfish : LHP Javier Robles
Batting: RHB Katsuhito Ohayashi 0-0: Fly out, F7 (Flyball, 7LM)
Batting: RHB Eric Barthorpe 0-0: Foul Ball, location: 2F
0-1: Called Strike
0-2: Strikes out swinging
Batting: LHB Bob Campbell 0-0: Called Strike
0-1: Ball
1-1: Ball
2-1: Foul Ball, location: 2F
2-2: Foul Ball, location: 2F
2-2: Strikes out looking
Top of the 7th over - 0 run(s), 0 hit(s), 0 error(s), 0 left on base; Nashua 4 - Kenosha 7
BOTTOM OF THE 7TH
Kenosha Kingfish batting - Pitching for Nashua Redlegs : LHP Jorge Melgaza
Batting: SHB John Beach 0-0: Ball
1-0: Called Strike
1-1: Ball
2-1: Called Strike
2-2: Ball
3-2: Strikes out swinging
Batting: RHB Tommy Davenport 0-0: Foul Ball, location: 2F
0-1: Ball
1-1: Swinging Strike
1-2: Foul Ball, location: 2F
1-2: SINGLE (Flyball, 8RS)
Batting: RHB Bob Lee 0-0: SINGLE (Groundball, 56) (infield hit)
Tommy Davenport to second
Batting: LHB Marvin Nichols 0-0: Ball
1-0: Called Strike
1-1: Ball
2-1: Called Strike
2-2: Foul Ball, location: 2F
2-2: Foul Ball, location: 2F
2-2: Foul Ball, location: 2F
2-2: Fly out, F8 (Flyball, 8RM)
Batting: RHB Manuel Gómez 0-0: Ball
1-0: Called Strike
1-1: SINGLE (Line Drive, 4D)
Tommy Davenport to third
Bob Lee to second
Runner from 3rd tries for Home, SAFE, throw made home
Bob Lee to third
Manuel Gómez to second
Batting: RHB Eugene Williams 0-0: Ball
1-0: Called Strike
1-1: Ball
2-1: Foul Ball, location: 2F
2-2: Ball
3-2: Base on Balls
Batting: LHB Dusty Wilson 0-0: Ball
1-0: Ball
2-0: Fly out, F8 (Flyball, 8LD)
Bottom of the 7th over - 1 run(s), 3 hit(s), 0 error(s), 3 left on base; Nashua 4 - Kenosha 8
TOP OF THE 8TH
Nashua Redlegs batting - Pitching for Kenosha Kingfish : LHP Javier Robles
Pitching: RHP Pablo Suárez
Batting: RHB Manny Herrera 0-0: Called Strike
0-1: Ball
1-1: Ball
2-1: Called Strike
2-2: Foul Ball, location: 2F
2-2: Foul Ball, location: 2F
2-2: Fly out, F6 (Line Drive, 6M)
Batting: RHB Bob Fitzgerald 0-0: Fly out, F9 (Flyball, 9LSF)
Batting: LHB Derrek Robinson 0-0: Called Strike
0-1: Called Strike
0-2: Foul Ball, location: 2F
0-2: Ball
1-2: Ball
2-2: Fly out, F3 (Line Drive, 3)
Top of the 8th over - 0 run(s), 0 hit(s), 0 error(s), 0 left on base; Nashua 4 - Kenosha 8
BOTTOM OF THE 8TH
Kenosha Kingfish batting - Pitching for Nashua Redlegs : LHP Jorge Melgaza
Batting: LHB Jon Quinn 0-0: Ball
1-0: Called Strike
1-1: Ball
2-1: Foul Ball, location: 2F
2-2: Strikes out swinging
Batting: RHB Sergio Mata 0-0: Fly out, F8 (Flyball, 8RS)
Batting: SHB John Beach 0-0: Ball
1-0: Fly out, F8 (Flyball, 8LM)
Bottom of the 8th over - 0 run(s), 0 hit(s), 0 error(s), 0 left on base; Nashua 4 - Kenosha 8
TOP OF THE 9TH
Nashua Redlegs batting - Pitching for Kenosha Kingfish : RHP Pablo Suárez
Batting: RHB António Pérez 0-0: Ball
1-0: Called Strike
1-1: Ball
2-1: Called Strike
2-2: Ground out 5-3 (Groundball, 5L)
Batting: RHB Clancy Castro 0-0: Called Strike
0-1: Ball
1-1: Ball
2-1: Ground out 5-3 (Groundball, 5L)
Batting: RHB William Rogers 0-0: Called Strike
0-1: Ground out 4-3 (Groundball, 4)
Top of the 9th over - 0 run(s), 0 hit(s), 0 error(s), 0 left on base; Nashua 4 - Kenosha 8
Thursday, March 30th, 2017 - OOTP Baseball 17.12 Build 75